 Dungeon Crawl Stone Soup version 0.19.0-2-gae57169 (webtiles) character file.

756 Franakus the Conjurer (level 7, -2/43 HPs)
             Began as an Octopode Conjurer on Nov 2, 2016.
             Was a Follower of Vehumet.
             Slain by an ogre
             ... wielding a +0 giant club
              (27 damage)
             ... on level 5 of the Dungeon on Nov 5, 2016.
             The game lasted 00:45:19 (5072 turns).

Franakus the Conjurer (Octopode Conjurer)           Turns: 5072, Time: 00:45:20

Health: -2/43      AC:  1    Str:  7    XL:     7   Next: 79%
Magic:  0/13       EV: 14    Int: 19    God:    Vehumet [*.....]
Gold:   331        SH:  0    Dex: 13    Spells: 4 memorised, 4 levels left

rFire  . . .     SeeInvis .     s - +4 quarterstaff (chaos)
rCold  . . .     Gourm    .     (shield currently unavailable)
rNeg   . . .     Faith    .     (helmet restricted)
rPois  .         Spirit   .     (no amulet)
rElec  .         Reflect  .     d - ring of protection from magic
rCorr  .         Harm     .     (no ring)
MR     +....                    (no ring)
Stlth  ++++......               w - ring of flight
                                (no ring)
                                (no ring)
                                (no ring)
                                (no ring)

@: very slightly contaminated, invisible
A: almost no armour, stealthy swim, amphibious, 8 rings, constrict 8, camouflage
1, gelatinous body 1
a: Renounce Religion, Evoke Flight


You were on level 5 of the Dungeon.
You worshipped Vehumet.
Vehumet was aware of your devotion.
You were very hungry.

You visited 1 branch of the dungeon, and saw 6 of its levels.

You collected 331 gold pieces.

Inventory:

Hand Weapons
 o - a +1 hunting sling of freezing
 s - a +4 quarterstaff of chaos (weapon)
 x - a +0 trident of freezing
Missiles
 m - 183 stones (quivered)
 r - 6 sling bullets
Jewellery
 d - a ring of protection from magic (left tentacle)
 k - an uncursed ring of ice
 w - a ring of flight (on tentacle)
Wands
 A - a wand of paralysis (16/24)
Scrolls
 i - a scroll of amnesia {unknown}
 j - a scroll of magic mapping
 t - 2 scrolls of identify
 u - 2 scrolls of immolation {unknown}
 y - 3 scrolls of recharging {unknown}
 B - 2 scrolls of remove curse
Potions
 c - a potion of lignification
 e - 2 potions of agility
 f - a potion of curing
 l - a potion of haste {unknown}
 p - a potion of cure mutation
 q - a potion of mutation
 v - a potion of berserk rage {unknown}
Books
 a - a book of Conjurations

   Spells                             Type                      Level
   a - Magic Dart                     Conjuration                  1
   b - Searing Ray                    Conjuration                  2
   c - Dazzling Spray                 Conjuration/Hexes            3
   d - Fulminant Prism                Conjuration/Hexes            4
   e - Iskenderun's Mystic Blast      Conjuration                  4
   f - Iskenderun's Battlesphere      Conjuration/Charms           5
Comestibles
 b - 3 bread rations
 h - 3 slices of pizza
 n - 2 royal jellies
 z - a beef jerky


   Skills:
 - Level 1.1 Fighting
 - Level 1.4 Slings
 - Level 2.8 Dodging
 + Level 4.2 Stealth
 * Level 4.1 Spellcasting
 * Level 7.0 Conjurations
 + Level 0.8 Hexes
 + Level 1.4 Evocations


You had 4 spell levels left.
You knew the following spells:

 Your Spells              Type           Power        Failure   Level  Hunger
a - Magic Dart            Conj           ####         1%          1    None
b - Searing Ray           Conj           ####..       1%          2    ##.....
c - Iskenderun's Mystic   Conj           ####....     10%         4    ####...
d - Dazzling Spray        Conj/Hex       ###...       12%         3    ###....


Dungeon Overview and Level Annotations

Branches:
Dungeon (6/15)             Temple (0/1) D:5

Altars:
Ashenzari
Cheibriados
Elyvilon
Gozag
Makhleb
Qazlal
Sif Muna
Vehumet
Xom
Zin
The Shining One

Annotations:
D:4 Sigmund


Innate Abilities, Weirdness & Mutations

You cannot wear most types of armour.
You are very stealthy in the water. (Stealth+)
You are amphibious.
You can wear up to eight rings at the same time.
You can use your tentacles to constrict eight enemies at once.
Your skin changes colour to match your surroundings (Stealth+).
Your rubbery body absorbs attacks. (AC +1, EV +1)


Message History

You are very lightly contaminated with residual magic.
You feel a strange surge of energy! The ogre hits you with a giant club!!
Ouch! That really hurt!
* * * LOW HITPOINT WARNING * * *
Unknown command.
You feel much better. The ogre barely misses you.
Casting: Iskenderun's Mystic Blast
Confirm with . or Enter, or press ? or * to list all spells.
Aiming: Iskenderun's Mystic Blast
Press: ? - help, Shift-Dir - straight line, f/p - ogre
Aim: an ogre, wielding a giant club (severely wounded)
You miscast Iskenderun's Mystic Blast.
You are momentarily dazzled by a flash of light!
The ogre closely misses you.
Okay, then.
Okay, then.
You fade into invisibility!
The ogre hits you with a giant club!!
Ouch! That really hurt!
You die...

#####.###########'####
#.............##......
#.....................
#.....................
###....###.##...........
#.......................
#..........###..........
#......O...# #..........
#......@...# #..........
#..........# #....######
#..........# #..........
#....>.....# ####.......
#..........# #.......
#..........# #.......
############ #.......
#....... #.......


You could see an ogre.

Vanquished Creatures
  A sky beast (D:5)
  An ogre (D:3)
  2 centaurs (D:5)
  A howler monkey (D:4)
  An orc priest (D:5)
  Crazy Yiuf (D:4)
  3 iguanas
  3 worker ants
  6 adders
  3 oozes
  3 worms
  2 dart slugs (D:1)
  A leopard gecko (D:5)
  9 orcs
  5 giant cockroaches
  6 goblins
  10 hobgoblins
  10 jackals
  2 ball pythons
  3 bats
  14 frilled lizards
  8 kobolds
  2 leopard gecko skeletons (D:4)
  A quokka skeleton (D:3)
  10 rats
  A plant (D:5)
109 creatures vanquished.

Notes
Turn   | Place    | Note
-------+----------+-------------------------------------------
     0 | D:1      | Franakus the Octopode Conjurer began the quest for the Orb.
     0 | D:1      | Reached XP level 1. HP: 11/11 MP: 3/3
   168 | D:1      | Reached XP level 2. HP: 17/17 MP: 5/5
   169 | D:1      | Upgraded the game from 0.19.0-1-g5985abe to 0.19.0-2-gae57169
   634 | D:1      | Reached XP level 3. HP: 16/21 MP: 2/6
  1022 | D:2      | Reached skill level 5 in Conjurations
  1070 | D:2      | Learned a level 2 spell: Searing Ray
  1143 | D:2      | Reached XP level 4. HP: 25/27 MP: 1/7
  1479 | D:3      | Found a shattered altar of Ashenzari.
  1479 | D:3      | Found a stormy altar of Qazlal.
  1481 | D:3      | Found a deep blue altar of Sif Muna.
  1692 | D:3      | Found a radiant altar of Vehumet.
  1698 | D:3      | Became a worshipper of Vehumet
  1900 | D:3      | Noticed an ogre
  1908 | D:3      | Killed an ogre
  1908 | D:3      | Reached skill level 1 in Fighting
  1908 | D:3      | Reached skill level 1 in Slings
  1908 | D:3      | Reached XP level 5. HP: 15/33 MP: 0/8
  2065 | D:3      | Found a faded altar of an unknown god.
  2393 | D:3      | Reached * piety under Vehumet
  2393 | D:3      | Offered knowledge of Sandblast by Vehumet.
  2641 | D:3      | Reached XP level 6. HP: 35/38 MP: 7/10
  2647 | D:3      | Learned a level 4 spell: Iskenderun's Mystic Blast
  3005 | D:4      | Found a shimmering altar of Xom.
  3225 | D:4      | Noticed Sigmund
  3344 | D:4      | Found a runed door.
  3348 | D:4      | Noticed Crazy Yiuf
  3355 | D:4      | Killed Crazy Yiuf
  3355 | D:4      | Reached skill level 6 in Conjurations
  3492 | D:4      | Found a glowing golden altar of the Shining One.
  3555 | D:4      | Found a glowing silver altar of Zin.
  3615 | D:5      | Entered Level 5 of the Dungeon
  3762 | D:5      | Found an opulent altar of Gozag.
  3933 | D:5      | Learned a level 3 spell: Dazzling Spray
  3942 | D:5      | Found a staircase to the Ecumenical Temple.
  3957 | D:5      | Reached XP level 7. HP: 27/43 MP: 1/12
  4183 | D:5      | Reached skill level 1 in Evocations
  4667 | D:5      | Found a white marble altar of Elyvilon.
  4673 | D:5      | Found a burning altar of Makhleb.
  4677 | D:5      | Found a snail-covered altar of Cheibriados.
  5042 | D:5      | Reached skill level 7 in Conjurations
  5072 | D:5      | Slain by an ogre

Skill      XL: |  1  2  3  4  5  6  7 |
---------------+----------------------+-----
Conjurations   | 5 6 7 |  7.0
Stealth        | 3 4 |  4.2
Fighting       | 1 |  1.1
Slings         | 1 |  1.4
Spellcasting   | 3 4 |  4.1
Evocations     | 1 |  1.4
Dodging        | |  2.8
Hexes          | |  0.8

Action                   |  1- 3 |  4- 6 |  7- 9 || total
-------------------------+-------+-------+-------++-------
Melee: Unarmed           |    23 |       |       ||    23
       Constrict         |    15 |     5 |     4 ||    24
       Tentacles         |    10 |     2 |     5 ||    17
       Dagger            |    34 |     7 |       ||    41
       Hunting sling     |       |     5 |     4 ||     9
       Quarterstaff      |       |     2 |    19 ||    21
 Fire: Hunting sling     |       |    90 |    20 ||   110
 Cast: Magic Dart        |    41 |    17 |     9 ||    67
       Searing Ray       |       |    13 |     4 ||    17
       Iskenderun's Myst |       |     2 |     4 ||     6
       Dazzling Spray    |       |     1 |     2 ||     3
 Abil: Evoke Flight      |       |     2 |       ||     2
  Use: Scroll            |     5 |     8 |       ||    13
       Potion            |     1 |       |     2 ||     3
 Stab: Sleeping          |     2 |       |     1 ||     3
  Eat: Chunk             |     1 |     7 |     2 ||    10
       Meat ration       |       |     1 |       ||     1
Armor: Skin              |     6 |     2 |     2 ||    10
Dodge: Dodged            |    29 |    31 |    19 ||    79
